 Dungeon Crawl Stone Soup version 0.27-a0-1301-g128193abf8 (webtiles) character file.

Game seed: 2269877633408747358

47 Froggeryz the Skirmisher (level 3, -1/33 HPs)
             Began as a Ghoul Wanderer on June 17, 2021.
             Slain by Crazy Yiuf (5 damage)
             ... on level 2 of the Dungeon.
             The game lasted 00:01:57 (1831 turns).

Froggeryz the Skirmisher (Ghoul Wanderer)           Turns: 1831, Time: 00:01:57

Health: -1/33      AC:  6    Str: 13    XL:     3   Next: 70%
Magic:  0/2        EV: 11    Int:  9    God:
Gold:   59         SH:  0    Dex:  9    Spells: 2/2 levels left

rFire    . . .     SeeInvis .   a - +2 short sword
rCold    + . .     Faith    .   (no shield)
rNeg     + + +     Spirit   .   d - +0 leather armour
rPois    ∞         Reflect  .   e - +1 helmet
rElec    .         Harm     .   (no cloak)
rCorr    .         Rampage  .   o - +0 pair of gloves
Will     .....                  (no boots)
Stlth    ++........             (no amulet)
HPRegen  0.00/turn              (no ring)
MPRegen  0.08/turn              (no ring)

@: no status effects
A: claws 1, cold resistance 1, negative energy resistance 3, inhibited
regeneration, torment resistance 2
a: no special abilities


You were on level 2 of the Dungeon.
You visited 1 branch of the dungeon, and saw 2 of its levels.

You collected 143 gold pieces.
You spent 84 gold pieces at shops.

Inventory:

Hand Weapons
 a - a +2 short sword (weapon)
 h - a +0 club
Missiles
 f - 5 poisoned darts (quivered)
Armour
 d - a +0 leather armour (worn)
 e - a +1 helmet (worn)
 o - a +0 pair of gloves (worn)
Scrolls
 g - a scroll of identify {unknown}
 k - a scroll of summoning {unknown}
 l - 3 scrolls of immolation {unknown}
 m - a scroll of blinking {unknown}
 n - a scroll of magic mapping {unknown}
Potions
 b - 2 potions of heal wounds {unknown}
 c - a potion of resistance {unknown}
 i - 5 potions of curing
 j - a potion of attraction {unknown}


   Skills:
 + Level 4.0 Fighting
 - Level 1.7 Short Blades
 * Level 1.8 Maces & Flails
 - Level 1.0 Armour
 - Level 1.0 Dodging
 - Level 3.2 Stealth
 - Level 1.0 Shields


You had 2 spell levels left.
You didn't know any spells.
Your spell library contained the following spells:

 Spells                   Type           Power      Damage    Failure   Level
 Animate Skeleton         Necr           0%         N/A       45%         1
 Apportation              Tloc           0%         N/A       45%         1
 Corona                   Hex            0%         N/A       45%         1
 Foxfire                  Conj/Fire      0%         2x1d4     45%         1
 Freeze                   Ice            0%         1d3       45%         1
 Summon Small Mammal      Summ           0%         N/A       45%         1
 Conjure Flame            Conj/Fire      0%         6-21      83%         3
 Inner Flame              Hex/Fire       0%         N/A       83%         3
 Ozocubu's Armour         Ice            0%         N/A       83%         3
 Portal Projectile        Hex/Tloc       0%         N/A       83%         3
 Sticky Flame             Conj/Fire      0%         2d3       99%         4
 Fireball                 Conj/Fire      0%         3d3       100%        5


Dungeon Overview and Level Annotations

Branches:
Dungeon (2/15)

Altars:
Hepliaklqana

Shops:
D:2 !

Annotations:
D:2 Crazy Yiuf


Innate Abilities, Weirdness & Mutations

You thrive by killing the living.
You are immune to poison.
You have sharp fingernails.
Your flesh is cold resistant. (rC+)
You are immune to negative energy. (rN+++)
You do not regenerate when monsters are visible.
You are immune to unholy pain and torment.


Message History

No target in view!
A ball python comes into view.
The ball python hisses angrily.
The ball python closely misses you. The ball python completely misses you.
You see here a +0 pair of gloves.
You hit the ball python.
You kill the ball python!
No target in view!
No target in view!
o - a +0 pair of gloves You start putting on your armour.
You continue putting on your +0 pair of gloves. x4
You finish putting on your +0 pair of gloves.
Found a stone staircase leading down.
There is an escape hatch in the floor here.
Found 26 stones.
You see here 26 stones.
Key pressed, stopping explore.
No target in view!
No target in view!
There is a stone staircase leading down here.
Found a mace.
Found a runed translucent door.
Crazy Yiuf shouts!
Could not explore, unopened runed door.
You open the door.
Crazy Yiuf twirls on the spot.
You barely miss Crazy Yiuf.
Crazy Yiuf hits you with a +2 quarterstaff of chaos!
You convulse!
You hit Crazy Yiuf but do no damage. Crazy Yiuf closely misses you.
You hit Crazy Yiuf.
Crazy Yiuf is moderately wounded.
Crazy Yiuf hits you with a +2 quarterstaff of chaos.
* * * LOW HITPOINT WARNING * * *
You feel your power leaking away.
You barely miss Crazy Yiuf.
Crazy Yiuf is moderately wounded.
Crazy Yiuf sings, "Trees, trees, trees, circus!"
Crazy Yiuf hits you with a +2 quarterstaff of chaos.
You die...

.......#..##.#.####.#####.#
.......#..##.#.# #.#####.#
_..............# #.......#
......########## #########
.....#..# ....##.###♣♣♣♣♣
.##.........♣.♣♣♣ ###
...###.....♣.♣..♣#...# ...#
#......♣♣♣♣@g...# ...#
#.....♣♣ ♣♣#..)# ...#
#..##♣♣ ### ...# #### #####
###.###### .........#
.##.##.### .##.##.#


You could see Crazy Yiuf.

Vanquished Creatures
  An adder (D:2)
  2 dart slugs (D:1)
  3 bats
  2 endoplasms
  2 giant cockroaches (D:1)
  3 goblins
  2 hobgoblins
  3 quokkas
  5 ball pythons
  3 frilled lizards (D:1)
  3 kobolds (D:1)
  5 rats (D:1)
34 creatures vanquished.

Notes
Turn   | Place    | Note
-------+----------+-------------------------------------------
     0 | D:1      | Froggeryz the Ghoul Wanderer began the quest for the Orb.
     0 | D:1      | Froggeryz set off with the following items: a +2 short
                  | sword, a +0 robe, a +0 dagger; and the following spells
                  | available to memorise: Apportation, Freeze, Ozocubu's
                  | Armour, Portal Projectile
     0 | D:1      | Reached XP level 1. HP: 19/19 MP: 0/0
   354 | D:1      | Reached XP level 2. HP: 24/26 MP: 1/1
   418 | D:1      | Reached skill level 1 in Armour
   478 | D:1      | Found a faded altar of an unknown god.
   945 | D:1      | Reached skill level 1 in Maces & Flails
  1053 | D:1      | Reached XP level 3. HP: 33/33 MP: 2/2
  1276 | D:2      | Reached skill level 4 in Fighting
  1319 | D:2      | Found a hazy altar of Hepliaklqana.
  1492 | D:2      | Found Wuic's Distillery.
  1499 | D:2      | Bought 2 potions of curing for 84 gold pieces
  1823 | D:2      | Found a runed translucent door.
  1824 | D:2      | Noticed Crazy Yiuf
  1831 | D:2      | Slain by Crazy Yiuf

Illustrated notes

Levels and vault maps discovered:
D:1:      dpeg_arrival_ratfight, layout_basic, chequers_ecumenical_altar_simple
D:2:      layout_loops_cross, basic_altar, serial_shops, shop,
          uniq_crazy_yiuf_cottage

Skill      XL: |  1  2  3 |
---------------+----------+-----
Armour         | 1 |  1.0
Maces & Flails | 1 |  1.8
Fighting       | 4 |  4.0
Short Blades   | |  1.7
Dodging        | |  1.0
Stealth        | |  3.2
Shields        | |  1.0

Action                   || total
-------------------------++-------
Melee: Short sword       ||    90
 Stab: Sleeping          ||     5
Armor: Leather armour    ||    31
Dodge: Dodged            ||    43

Table legend: (Time is in decaauts)
 A = Elapsed time spent in this place.
 B = Non-inter-level travel time spent in this place.
 C = Inter-level travel time spent in this place.
 D = Time resting spent in this place.
 E = Time spent auto-exploring this place.
 F = Levels seen in this place.
 G = Mean time per level.
                   A        B        C        D        E       F      G
               +--------+--------+--------+--------+--------+-----+--------+
         Total |   1832 |   1785 |     47 |    104 |   1428 |   2 |  916.0 |
       Dungeon |   1832 |   1785 |     47 |    104 |   1428 |   2 |  916.0 |
               +--------+--------+--------+--------+--------+-----+--------+

Top non-repeatable levels by time:
     D:1: 1093 daAuts
     D:2: 738 daAuts
